 Dungeon Crawl Stone Soup version 0.14-a0-30-gf0b6e91 (webtiles) character file.

342 Sachiko the Ruffian (level 5, 0/50 HPs)
             Began as a Troll Monk on Sept 27, 2013.
             Slain by an orc priest
             ... wielding a -1,+0 orcish flail
              (8 damage)
             ... on Level 4 of the Dungeon.
             The game lasted 00:07:04 (2754 turns).

Sachiko the Ruffian (Troll Monk)                    Turns: 2754, Time: 00:07:04

HP   0/50        AC  5     Str 19      XL: 5   Next: 22%
MP   1/1         EV 11     Int  7      God:
Gold 176         SH  0     Dex 12      Spells:  0 memorised,  4 levels left

Res.Fire  : . . .   See Invis. : .     - Unarmed
Res.Cold  : . . .   Warding    : .   a - +0 robe (curse)
Life Prot.: . . .   Conserve   : .   (shield restricted)
Res.Poison: .       Res.Corr.  : .   (helmet restricted)
Res.Elec. : .       Clarity    : .   (no cloak)
Sust.Abil.: . .     Spirit.Shd : .   (gloves unavailable)
Res.Mut.  : .       Stasis     : .   (boots unavailable)
Res.Rott. : .       Flight     : .   (no amulet)
Gourmand  : +                        (no ring)
                                     g - cursed ring of protection from magic {unkn

@: somewhat resistant to hostile enchantments, unstealthy
A: unfitting armour, claws 3, fast metabolism 3, gourmand, regeneration 2,
saprovore 2, tough skin 2, AC +1
a: no special abilities


You were on level 4 of the Dungeon.
You were not hungry.

You visited 1 branch of the dungeon, and saw 4 of its levels.

You collected 176 gold pieces.

Inventory:

Armour
 a - a cursed +0 robe (worn)
Magical devices
 l - a wand of fireball (6) {unknown}
 o - a wand of teleportation (2)
Comestibles
 b - 2 meat rations
 f - 3 bread rations
 i - a choko
 j - a banana
 k - a pear
Scrolls
 h - a scroll of remove curse
 m - a scroll of amnesia
Jewellery
 e - an uncursed ring of hunger
 g - a cursed ring of protection from magic (left claw) {unknown}
Potions
 c - 4 potions of curing
 d - a potion of heal wounds


   Skills:
 + Level 3.0 Fighting
 + Level 3.3 Dodging
 - Level 1.1 Stealth
 * Level 5.5 Unarmed Combat


You had 4 spell levels left.
You didn't know any spells.

Dungeon Overview and Level Annotations

Branches:
Dungeon (4/27)
 Temple: D:4-7

Altars:


Innate Abilities, Weirdness & Mutations

You are too large for most types of armour.
You have claws for hands.
Your metabolism is lightning-fast.
You like to eat raw meat.
You heal very quickly.
You can eat rotten meat.
You are covered in fur (AC +1).
You have very tough skin (AC +2).


Message History

You claw the orc!
You kill the orc!
The orc hits you with an orcish hand axe.
The orc priest completely misses you.
You claw the orc priest!
The orc priest begins to bleed from its wounds!
The orc priest is severely wounded.
The orc barely misses you. The orc hits you with an orcish dagger.
* * * LOW HITPOINT WARNING * * *
You are too injured to fight recklessly!
You barely miss the orc priest.
The orc priest is severely wounded.
The orc priest hits you with an orcish flail.
* * * LOW HITPOINT WARNING * * *
You hit the orc priest.
The orc priest is severely wounded.
The orc barely misses you. The orc hits you with an orcish dagger.
* * * LOW HITPOINT WARNING * * *
The orc priest hits you with an orcish flail!
You die...

#......# ##.# ##'#####
#..# #.# #.## #.# ##.#
#.## #..# #(.# ##'#######
##.# #........#
#######'##### #........#
#.......@o..####........#
#.......oo..##.'........#
#...........##.#........#
#...........'..#........#
#...........####........'
...........# #........#
**########### ##########


You could see an orc priest (bleeding) and 2 orcs.

Vanquished Creatures
  An orc wizard (D:4)
  An ogre skeleton (D:4)
  4 adders
  An inept feature mimic (D:4)
  A giant mite (D:4)
  A giant eyeball (D:4)
  2 giant geckos
  2 oozes
  6 orcs
  A ball python (D:3)
  A bat skeleton (D:4)
  2 giant cockroaches (D:1)
  10 goblins
  8 hobgoblins
  4 jackals (D:1)
  2 bats
  3 giant newts
  7 kobolds
  2 quokkas
  8 rats
67 creatures vanquished.

Notes
Turn   | Place    | Note
--------------------------------------------------------------
     0 | D:1      | Sachiko, the Troll Monk, began the quest for the Orb.
     0 | D:1      | Reached XP level 1. HP: 20/20 MP: 0/0
     0 | D:1      | Noticed a spriggan zombie
     1 | D:1      | Noticed a minotaur
     3 | D:1      | Noticed a centaur zombie
     5 | D:1      | Noticed a minotaur zombie
     6 | D:1      | Noticed a centaur
     7 | D:1      | Noticed a troll zombie
    10 | D:1      | Noticed a spriggan zombie
    10 | D:1      | Noticed a ghoul
    12 | D:1      | Noticed an elf skeleton
    14 | D:1      | Noticed a dwarf
    16 | D:1      | Noticed a troll skeleton
    18 | D:1      | Noticed a human skeleton
   155 | D:1      | Reached XP level 2. HP: 28/28 MP: 0/0
   395 | D:1      | Paralysed by a potion of paralysis for 6 turns
   479 | D:1      | Reached XP level 3. HP: 15/35 MP: 1/1
  1522 | D:3      | Reached skill level 5 in Unarmed Combat
  1533 | D:3      | Reached XP level 4. HP: 40/44 MP: 1/1
  2644 | D:4      | Reached XP level 5. HP: 50/50 MP: 1/1
  2754 | D:4      | Slain by an orc priest

Action                   |  1- 3 |  4- 6 || total
-------------------------+-------+-------++-------
Melee: Unarmed           |   113 |    70 ||   183
  Use: Potion            |     4 |     1 ||     5
       Scroll            |    10 |     3 ||    13
 Stab: Sleeping          |       |     1 ||     1
